AoeStats
← AUTHENTIC DEXTER KENT

Arabia

509766094Analyzed
1v1 RM · 3d ago on Sep 27, 2026· 25m 14s· 2 players
Game mode
Random Map
Map size
Tiny (2 player)
Population
200
Speed
Normal
Resources
Standard
Victory
Conquest
Starting age
Dark Age
Ending age
Imperial Age
RankedLock teamsTeams togetherTeam positionsShared explorationLock speedFull tech treeHidden civsTurbo modeCheats
Victory
Defeat
🇦🇷 Vietnamese · Argentina
1240
+15
🇧🇷 Portuguese · Brazil
1218
-15
tyyr ironside
7:51 Loom
10:14 Feudal Age
11:12 Double-Bit Axe
12:19 Horse Collar
13:16 Fletching
19:52 Padded Archer Armor
AUTHENTIC DEXTER KENT
8:55 Feudal Age
7:11 Loom
11:12 Double-Bit Axe
11:19 Gold Mining
14:51 Fletching
16:20 Town Watch
17:19 Padded Archer Armor
24:18 Castle Age
23:38 Horse Collar
24:55 Bodkin Arrow
Connection lost

Rejoining the realm…

Still unreachable

The connection could not be restored.

Session expired

The server has moved on; the page needs a fresh start.